 Dungeon Crawl Stone Soup version 0.29-a0-492-g10b964d8d7 (webtiles) character file.

Game seed: 2604555995675136244

212 Bruhh the Insei (level 5, -1/39 HPs)
             Began as a Demigod Transmuter on May 27, 2022.
             Succumbed to an orc's poison
             ... on level 4 of the Dungeon.
             The game lasted 00:04:29 (4069 turns).

Bruhh the Insei (Demigod Transmuter)                Turns: 4069, Time: 00:04:30

Health: -1/39      AC:  5    Str: 17    XL:     5   Next: 32%
Magic:  13/13      EV: 12    Int: 19    God:
Gold:   212        SH:  0    Dex: 14    Spells: 9/10 levels left

rFire   . . .      SeeInvis .     - Unarmed
rCold   . . .      Faith    .   l - orb {*Rage}
rNeg    . . .      Spirit   .   a - +0 robe
rPois   .          Reflect  .   (no helmet)
rElec   .          Harm     .   q - +2 cloak
rCorr   .          Rampage  .   (no gloves)
Will    .....      Rage     20% (no boots)
Stlth   +.........              (no amulet)
HPRegen 0.13/turn               c - +6 ring of strength
MPRegen 0.13/turn               (no ring)

@: mighty, lethally poisoned (-1 -> -4), on berserk cooldown, slowed, invisible,
very slow
A: high MP 1, forlorn, divine attributes
a: no special abilities


You were on level 4 of the Dungeon.
You visited 1 branch of the dungeon, and saw 4 of its levels.

You collected 212 gold pieces.

Inventory:

Armour
 a - a +0 robe (worn)
 l - an orb of wrath (worn)
 q - a +2 cloak (worn)
Jewellery
 c - a +6 ring of strength (left hand)
 e - a ring of ice
Scrolls
 g - a scroll of fear
 j - a scroll of vulnerability
 m - a scroll of enchant armour
 p - a scroll of enchant weapon {unknown}
 s - 2 scrolls of identify
Potions
 d - a potion of flight
 o - a potion of attraction


   Skills:
 - Level 0.8 Fighting
 - Level 1.7 Dodging
 + Level 4.1 Unarmed Combat
 + Level 3.3 Spellcasting
 - Level 3.0 Transmutations


You had 9 spell levels left.
You knew the following spells:

 Your Spells              Type           Power      Damage    Failure   Level
a - Beastly Appendage     Tmut           28%        N/A       4%          1

Your spell library contained the following spells:

 Spells                   Type           Power      Damage    Failure   Level
 Wereblood                Tmut           14%        N/A       6%          2
 Spider Form              Tmut/Pois      8%         N/A       24%         3
 Dazzling Flash           Conj/Hex       6%         N/A       41%         3
 Inner Flame              Hex/Fire       3%         N/A       41%         3
 Portal Projectile        Hex/Tloc       6%         N/A       41%         3
 Tukima's Dance           Hex            3%         N/A       41%         3
 Ice Form                 Ice/Tmut       8%         N/A       61%         4
 Blade Hands              Tmut           7%         N/A       75%         5
 Cause Fear               Hex            1%         N/A       82%         4
 Corpse Rot               Necr/Pois/Air  3%         N/A       82%         4
 Dispel Undead            Necr           3%         3d7       82%         4
 Agony                    Necr           3%         N/A       99%         5
 Silence                  Hex/Air        1%         N/A       99%         5
 Death Channel            Necr           1%         N/A       100%        6
 Discord                  Hex            1%         N/A       100%        8


Dungeon Overview and Level Annotations

Branches:
Dungeon (4/15)
 Temple: D:4-7

Annotations:
D:4 1 runed translucent door, Morbidden's ghost, amateur OgVM


Innate Abilities, Weirdness & Mutations

You have an increased reservoir of magic. (+10% MP)
You shall have no god before yourself.
Your divine heritage dramatically boosts your attributes as you level up.


Message History

You feel very sick.
The orc hits you with a +4 mace of venom.
You punch the orc!
You kill the orc!
You feel very sick.
You feel very sick.
Things that are here:
a +4 mace of venom; a +0 leather armour; an orc corpse You feel a strong urge to attack something.
You feel very sick.
You are no longer berserk.
You are exhausted.
You feel yourself slow down.
* * * LOW HITPOINT WARNING * * *
You feel sick.
Things that are here:
a +4 mace of venom; a +0 leather armour; an orc corpse It was a potion of might.
You feel very mighty all of a sudden.
* * * LOW HITPOINT WARNING * * *
You feel very sick.
It was a potion of invisibility.
You fade into invisibility!
* * * LOW HITPOINT WARNING * * *
You feel very sick.
Okay, then.
As you read the scroll labelled HEUDUPYNWO, it crumbles to dust.
It is a scroll of identify.
m - a scroll of enchant armour
* * * LOW HITPOINT WARNING * * *
You feel sick.
Okay, then.
Really quaff the potion of attraction?
Okay, then.
Unknown command.
* * * LOW HITPOINT WARNING * * *
You feel sick.
Things that are here:
a +0 scale mail; a +0 club; an orc skeleton You die...

......##..!..##....#
......+...♣..⌠#......
......##..?..##........
.......##...##.........
........##W##.........
.........###...#.....
...................#
.......#.=))[#.....#
.......#.##.@[.....#
.##.##...####).....# ..
#..## #.÷)<..# ## ...#
#..)...######## ....
#####.....#......#
..#.##......#.####......#
.... ######.............#
####.....†....#
#####......#


You could see Morbidden's ghost (can't see you).

Vanquished Creatures
  A scorpion (D:4)
  An iguana (D:4)
  3 adders
  A white imp (D:3)
  An ufetubus (D:3)
  A worm (D:3)
  3 dart slugs
  9 orcs
  8 endoplasms
  A giant cockroach (D:3)
  6 goblins
  8 hobgoblins
  A quokka (D:2)
  3 ball pythons
  5 bats
  6 frilled lizards
  3 kobolds
  4 rats
65 creatures vanquished.

Vanquished Creatures (collateral kills)
  2 orcs (D:4)
  A hobgoblin (D:4)
3 creatures vanquished.

Grand Total: 68 creatures vanquished

Notes
Turn   | Place    | Note
-------+----------+-------------------------------------------
     0 | D:1      | Bruhh the Demigod Transmuter began the quest for the Orb.
     0 | D:1      | Reached XP level 1. HP: 15/15 MP: 5/5
     8 | D:1      | You fall into a shaft and drop 1 floor!
   224 | D:1      | Reached XP level 2. HP: 14/22 MP: 7/7
   526 | D:1      | Reached skill level 3 in Unarmed Combat
  1609 | D:2      | Reached XP level 3. HP: 25/27 MP: 7/9
  2707 | D:3      | Reached XP level 4. HP: 28/34 MP: 8/10
  3542 | D:4      | Found a runed translucent door.
  3542 | D:4      | Noticed Morbidden's ghost (amateur OgVM)
  3569 | D:4      | Reached XP level 5. HP: 15/39 MP: 10/12
  3573 | D:4      | Reached skill level 4 in Unarmed Combat
  4067 | D:4      | HP: 1/39 [poisoned by an orc]
  4069 | D:4      | Succumbed to an orc's poison

Illustrated notes

Levels and vault maps discovered:
D:1:      dreamdust_arrival_beginning_and_end, layout_loops_ring
D:2:      layout_loops_ring, basic_altar, chequers_serial_rivers_large_a,
          chequers_serial_rivers_large_b, chequers_serial_rivers_small_b
D:3:      layout_basic, dilly_ecumenical_altar_fadedgnrine, grunt_ministairs_14,
          minmay_surrounded
D:4:      layout_rooms, mainiacjoe_overflow_boulevard,
          minmay_temple_entry_poolview, hellmonk_ghost_happy_afterlife,
          uniq_blork_the_orc

Skill      XL: |  1  2  3  4  5 |
---------------+----------------+-----
Transmutations | 2 3 |  3.0
Spellcasting   | 2 3 |  3.3
Unarmed Combat | 3 4 |  4.1
Fighting       | |  0.8
Dodging        | |  1.7

Action                   |  1- 3 |  4- 6 || total
-------------------------+-------+-------++-------
Melee: Unarmed           |   103 |    44 ||   147
       Kick              |    17 |     1 ||    18
       Headbutt          |     6 |     2 ||     8
       Punch             |     1 |       ||     1
 Cast: Beastly Appendage |    33 |     4 ||    37
  Use: Potion            |     1 |     7 ||     8
       Scroll            |       |     6 ||     6
 Stab: Sleeping          |     2 |       ||     2
Armor: Skin              |     3 |    22 ||    25
       Robe              |    17 |     5 ||    22
Dodge: Dodged            |    63 |    15 ||    78

Table legend: (Time is in decaauts)
 A = Elapsed time spent in this place.
 B = Non-inter-level travel time spent in this place.
 C = Inter-level travel time spent in this place.
 D = Time resting spent in this place.
 E = Time spent auto-exploring this place.
 F = Levels seen in this place.
 G = Mean time per level.
                   A        B        C        D        E       F      G
               +--------+--------+--------+--------+--------+-----+--------+
         Total |   4201 |   4169 |     32 |    519 |   3117 |   4 | 1050.2 |
       Dungeon |   4201 |   4169 |     32 |    519 |   3117 |   4 | 1050.2 |
               +--------+--------+--------+--------+--------+-----+--------+

Top non-repeatable levels by time:
     D:3: 1507 daAuts
     D:2: 1256 daAuts
     D:1: 1203 daAuts
     D:4: 234 daAuts
